 Dungeon Crawl Stone Soup version 0.20.1-1-g8b1a95d (webtiles) character file.

3357 polve the Schismatic (level 9, -5/69 HPs)
             Began as a Demonspawn Abyssal Knight on July 7, 2017.
             Was an Elder of Lugonu.
             Killed from afar by Erica (29 damage)
             ... with an orb of energy
             ... on level 8 of the Dungeon.
             The game lasted 00:09:59 (9493 turns).

polve the Schismatic (Demonspawn Abyssal Knight)    Turns: 9493, Time: 00:09:59

Health: -5/69      AC: 10    Str: 13    XL:     9   Next: 73%
Magic:  15/15      EV: 14    Int: 14    God:    Lugonu [****..]
Gold:   442        SH:  0    Dex: 15    Spells: 8/8 levels left

rFire    + + .     SeeInvis +   a - +4 great sword
rCold    . . .     Gourm    .   (shield currently unavailable)
rNeg     . . .     Faith    .   v - +3 leather armour {rF+}
rPois    .         Spirit   .   (no helmet)
rElec    .         Reflect  .   (no cloak)
rCorr    .         Harm     .   y - +1 pair of gloves
MR       .....                  d - +0 pair of boots
Stlth    +.........             (no amulet)
Regen    0.3/turn               m - +3 ring of protection
MPRegen  0.2/turn               (no ring)

@: corroded, slowed, very slow
A: talons 2, iridescent scales 1, see invisible, fire resistance 1, screaming 1,
spiny 1
a: Depart the Abyss, Bend Space, Banish, Corrupt, Renounce Religion


You were on level 8 of the Dungeon.
You worshipped Lugonu.
Lugonu was greatly pleased with you.
You were hungry.

You visited 1 branch of the dungeon, and saw 8 of its levels.
You visited the Abyss 1 time.

You collected 442 gold pieces.

Inventory:

Hand Weapons
 a - a +4 great sword (weapon)
 b - a +0 blowgun
Missiles
 z - 18 poisoned needles
Armour
 d - a +0 pair of boots (worn)
 v - a +3 leather armour of fire resistance (worn)
 y - a +1 pair of gloves (worn)
Jewellery
 m - a +3 ring of protection (left hand)
Wands
 u - a wand of polymorph (7/24)
 w - a wand of lightning (9/15)
Scrolls
 e - a scroll of magic mapping {unknown}
 i - 2 scrolls of identify
 l - 2 scrolls of amnesia {unknown}
 n - 3 scrolls of fog {unknown}
 o - a scroll of noise {unknown}
 p - 3 scrolls of remove curse {unknown}
 q - 4 scrolls of teleportation {unknown}
 r - a scroll of recharging {unknown}
Potions
 h - 4 potions of heal wounds {unknown}
 j - a potion of brilliance {unknown}
 s - a potion of ambrosia {unknown}
 x - a potion of might {unknown}
Comestibles
 c - 6 bread rations
 f - a royal jelly
 g - 4 meat rations
 k - 6 fruits


   Skills:
 + Level 6.2 Fighting
 - Level 8.0 Long Blades
 + Level 4.2 Armour
 + Level 4.7 Dodging
 - Level 9.0 Invocations


You had 8 spell levels left.
You didn't know any spells.

Dungeon Overview and Level Annotations

Branches:
Dungeon (8/15)             Temple (0/1) D:7
   Lair: D:8-11

Altars:
Ashenzari
Dithmenos
Okawaru
Qazlal
Yredelemnul

Annotations:
D:8 Erica


Innate Abilities, Weirdness & Mutations

You have razor-sharp toenails.
You are partially covered in iridescent scales. (AC +2)
You are partially covered in sharp spines.
You have supernaturally acute eyesight. (SInv)
Your flesh is heat resistant. (rF+)
You occasionally shout uncontrollably at your foes.


Message History

Erica is moderately wounded.
Erica is struck by your spines.
Erica hits you with a scimitar of flaming.
* * * LOW HITPOINT WARNING * * *
Erica burns you.
* * * LOW HITPOINT WARNING * * *
Erica completely misses you.
You hit Erica.
Erica is heavily wounded.
Erica is struck by your spines. Erica closely misses you.
You slash Erica!
Erica is almost dead.
Erica closely misses you. Erica is struck by your spines.
Erica hits you with a scimitar of flaming.
* * * LOW HITPOINT WARNING * * *
You hit Erica.
Erica is almost dead.
Erica casts a spell at you. The orb of energy hits you!
You die...

### ..# #?# #.#
#.# # #.#
###.#####
######@#
........#
#.....@######.#
.........
#.............#
....###.#
#.#############
##### #.# #.#
### #.# #.#
..### #.# #.#
....###.###.#
............#


You could see Erica (invisible).

Vanquished Creatures
  A cyclops (D:7)
  A hippogriff (D:7)
  Sigmund (D:2)
  Eustachio (D:6)
  A hungry ghost (D:8)
  A black bear (D:7)
  A sky beast (D:7)
  An ice beast (D:8)
  2 ogres
  4 centaurs
  A big kobold (D:7)
  A bullfrog (D:6)
  A scorpion (D:5)
  4 wights
  2 howler monkeys
  2 crimson imps (D:7)
  An orc priest (D:8)
  2 jellies
  A centaur skeleton (D:5)
  6 hounds
  3 bullfrog skeletons (D:5)
  4 orc wizards
  Terence (D:2)
  Jessica (D:3)
  3 iguanas
  8 worker ants
  A hound zombie (D:5)
  A hound skeleton (D:4)
  2 worker ant zombies (D:5)
  A howler monkey zombie (D:5)
  10 adders
  3 shadow imps
  An ooze (D:5)
  An adder zombie (D:5)
  2 worms
  A dart slug (D:2)
  7 leopard geckos
  15 orcs
  2 ball pythons (D:1)
  5 bats
  7 giant cockroaches
  4 goblins
  5 hobgoblins
  15 jackals
  3 quokkas
  4 frilled lizards
  2 jackal skeletons
  15 kobolds
  A quokka skeleton (D:4)
  A quokka zombie (D:6)
  8 rats
172 creatures vanquished.

Vanquished Creatures (others)
  A quokka (D:8)
1 creature vanquished.

Grand Total: 173 creatures vanquished

Notes
Turn   | Place    | Note
-------+----------+-------------------------------------------
     0 | Abyss:1  | polve the Demonspawn Abyssal Knight began the quest for the Orb.
     0 | Abyss:1  | Reached XP level 1. HP: 18/18 MP: 2/2
    82 | Abyss:1  | Noticed an insubstantial wisp
   102 | Abyss:2  | Noticed a smoke demon
   138 | D:1      | Escaped the Abyss
   536 | D:1      | Gained mutation: You have sharp toenails. [demonic ancestry]
   536 | D:1      | Reached XP level 2. HP: 24/24 MP: 3/3
   823 | D:1      | Reached * piety under Lugonu
  1162 | D:1      | Gained mutation: You have razor-sharp toenails. [demonic ancestry]
  1162 | D:1      | Reached XP level 3. HP: 12/29 MP: 4/4
  1928 | D:2      | Gained mutation: You are partially covered in iridescent scales. (AC +2) [demonic ancestry]
  1928 | D:2      | Reached XP level 4. HP: 33/35 MP: 5/5
  1957 | D:2      | Noticed Sigmund
  1998 | D:2      | Killed Sigmund
  1998 | D:2      | Reached skill level 5 in Long Blades
  1998 | D:2      | Reached XP level 5. HP: 5/41 MP: 6/6
  2348 | D:2      | Found a shattered altar of Ashenzari.
  2350 | D:2      | Reached ** piety under Lugonu
  2731 | D:2      | Noticed Terence
  2747 | D:2      | Killed Terence
  2747 | D:2      | Reached XP level 6. HP: 41/47 MP: 7/7
  3273 | D:3      | Noticed Jessica
  3278 | D:3      | Killed Jessica
  4670 | D:4      | Reached XP level 7. HP: 50/52 MP: 8/8
  4934 | D:5      | Entered Level 5 of the Dungeon
  5116 | D:4      | HP: 2/52 [wight/enchanted hand axe (1)]
  5717 | D:5      | Reached skill level 4 in Invocations
  5916 | D:5      | Reached skill level 5 in Invocations
  5919 | D:5      | Found an iron altar of Okawaru.
  5920 | D:5      | Got a twisted scale mail
  5931 | D:5      | Identified the +0 scale mail of Vaxkuc {rN+} (You found it on level 5 of the Dungeon)
  6199 | D:5      | Gained mutation: You are partially covered in sharp spines. [demonic ancestry]
  6199 | D:5      | Reached XP level 8. HP: 58/58 MP: 11/11
  6272 | D:5      | Reached skill level 6 in Invocations
  6417 | D:5      | Found a basalt altar of Yredelemnul.
  6446 | D:5      | Reached *** piety under Lugonu
  6446 | D:5      | Reached skill level 7 in Invocations
  6556 | D:5      | Reached skill level 8 in Invocations
  6876 | D:5      | Reached skill level 9 in Invocations
  7004 | D:5      | Reached skill level 1 in Dodging
  7230 | D:6      | Found a shadowy altar of Dithmenos.
  7633 | D:6      | Noticed Eustachio
  7659 | D:6      | Killed Eustachio
  7928 | D:6      | Found a stormy altar of Qazlal.
  8200 | D:6      | Reached XP level 9. HP: 61/65 MP: 15/15
  8272 | D:7      | Found a staircase to the Ecumenical Temple.
  8325 | D:7      | Found an iron altar of Okawaru.
  8362 | D:7      | Noticed a cyclops
  8370 | D:7      | Killed a cyclops
  8586 | D:7      | Reached skill level 5 in Fighting
  8854 | D:7      | Gained mutation: Your flesh is heat resistant. (rF+) [mutagenic meat]
  8855 | D:7      | Gained mutation: You occasionally shout uncontrollably at your foes. [mutagenic meat]
  8856 | D:7      | Gained mutation: You have supernaturally acute eyesight. (SInv) [mutagenic meat]
  9132 | D:8      | Reached **** piety under Lugonu
  9473 | D:8      | Noticed Erica
  9493 | D:8      | Killed from afar by Erica

Skill      XL: |  1  2  3  4  5  6  7  8  9 |
---------------+----------------------------+-----
Long Blades    | 2 3 5 7 8 |  8.0
Invocations    | 5 9 |  9.0
Dodging        | 2 4 |  4.7
Armour         | 2 4 |  4.2
Fighting       | 4 6 |  6.2

Action                   |  1- 3 |  4- 6 |  7- 9 || total
-------------------------+-------+-------+-------++-------
Melee: Falchion          |   130 |   172 |    43 ||   345
       Great sword       |       |       |   219 ||   219
       Unarmed           |       |       |    14 ||    14
Invok: Depart the Abyss  |     1 |       |       ||     1
  Use: Scroll            |     1 |       |       ||     1
       Potion            |       |     3 |     7 ||    10
 Stab: Sleeping          |     1 |     1 |     2 ||     4
  Eat: Chunk             |     3 |     9 |    20 ||    32
Armor: Leather armour    |    54 |    57 |    65 ||   176
       Skin              |       |       |    21 ||    21
       Scale mail        |       |       |    49 ||    49
Dodge: Dodged            |    85 |   104 |   155 ||   344
       Rpst.: Falchion   |    33 |    36 |     2 ||    71
       Great sword       |       |       |    48 ||    48
